 Dungeon Crawl Stone Soup version 0.28.0 (webtiles) character file.

Game seed: 6345800902515150441

37 pkoi the Chiller (level 3, -1/26 HPs)
             Began as a Draconian Ice Elementalist on Feb 8, 2022.
             Slain by Terence (9 damage)
             ... on level 1 of the Dungeon.
             The game lasted 00:02:39 (1454 turns).

pkoi the Chiller (Draconian Ice Elementalist)       Turns: 1454, Time: 00:02:40

Health: -1/26      AC:  5    Str: 10    XL:     3   Next: 23%
Magic:  2/6        EV: 12    Int: 17    God:
Gold:   46         SH:  0    Dex: 11    Spells: 2/6 levels left

rFire   + . .      SeeInvis .   (no weapon)
rCold   . . .      Faith    .   (no shield)
rNeg    . . .      Spirit   .   (armour unavailable)
rPois   .          Reflect  .   (helmet restricted)
rElec   .          Harm     .   (no cloak)
rCorr   .          Rampage  .   (no gloves)
Will    .....                   (no boots)
Stlth   ++........              (no amulet)
HPRegen 0.08/turn               b - ring of protection from fire
MPRegen 0.10/turn               (no ring)

@: no status effects
A: AC +5, unfitting armour, cold-blooded
a: no special abilities


You were on level 1 of the Dungeon.
You visited 1 branch of the dungeon, and saw 2 of its levels.

You collected 46 gold pieces.

Inventory:

Hand Weapons
 e - a +0 hunting sling
Jewellery
 b - a ring of protection from fire (left hand)
Scrolls
 c - 2 scrolls of magic mapping {unknown}
 d - a scroll of torment {unknown}
Potions
 a - a potion of mutation {unknown}


   Skills:
 - Level 1.7 Dodging
 - Level 1.7 Stealth
 + Level 2.1 Spellcasting
 + Level 5.0 Ice Magic


You had 2 spell levels left.
You knew the following spells:

 Your Spells              Type           Power      Damage    Failure   Level
a - Freeze                Ice            76%        1d9       2%          1
b - Frozen Ramparts       Ice            38%        1d5       7%          3

Your spell library contained the following spells:

 Spells                   Type           Power      Damage    Failure   Level
 Ozocubu's Armour         Ice            19%        N/A       7%          3
 Dazzling Flash           Conj/Hex       2%         N/A       50%         3
 Hailstorm                Conj/Ice       10%        3d5       56%         4
 Iskenderun's Mystic Bla  Conj/Tloc      1%         2d3       88%         4
 Starburst                Conj/Fire      0%         6d3       100%        6


Dungeon Overview and Level Annotations

Branches:
Dungeon (2/15)

Altars:

Annotations:
D:1 Terence


Innate Abilities, Weirdness & Mutations

Your plain brown scales are hard. (AC +5)
You cannot fit into any form of body armour.
You are cold-blooded and may be slowed by cold attacks.


Message History

The kobold throws a stone.
The stone hits you but does no damage.
There is a stone staircase leading up here.
The kobold throws a stone.
The stone barely misses you.
The kobold throws a stone.
The stone hits you but does no damage.
The kobold throws a stone.
The stone barely misses you.
Terence hits you with a +0 vorpal hand axe.
You climb upwards.
There is a stone staircase leading down here.
You are too injured to fight recklessly!
You are too injured to fight recklessly!
You are too injured to fight recklessly!
You are too injured to fight recklessly!
You are too injured to fight recklessly!
Aiming: Freeze (safe; 2% risk of failure)
Press: ? - help, Q - select action Shift-Dir - straight line, f - Terence
Aim: Terence, wielding a +0 vorpal hand axe and wearing a +0 scale mail You freeze Terence.
Terence is lightly wounded.
Terence hits you with a +0 vorpal hand axe.
* * * LOW HITPOINT WARNING * * *
x2
Aiming: Freeze (safe; 2% risk of failure)
Press: ? - help, Q - select action Shift-Dir - straight line, f/p - Terence
Aim: Terence, wielding a +0 vorpal hand axe and wearing a +0 scale mail (lightly wounded)
You freeze Terence.
Terence is moderately wounded.
Terence hits you with a +0 vorpal hand axe!
* * * LOW HITPOINT WARNING * * *
x2
Aiming: Freeze (safe; 2% risk of failure)
Press: ? - help, Q - select action Shift-Dir - straight line, f/p - Terence
Aim: Terence, wielding a +0 vorpal hand axe and wearing a +0 scale mail (moderately wounded)
You freeze Terence.
Terence is heavily wounded.
Terence barely misses you.
Aiming: Freeze (safe; 2% risk of failure)
Press: ? - help, Q - select action Shift-Dir - straight line, f/p - Terence
Aim: Terence, wielding a +0 vorpal hand axe and wearing a +0 scale mail (heavily wounded)
You freeze Terence!
Terence is almost dead.
Terence hits you with a +0 vorpal hand axe!
You die...

.# #..# ##....#.#......#.#.#
.# #..# #.....#.#..#...#.#.#
.# #..# #.#+#.#.#..#...#.#.#
.# #..###.#.#.#.#..#...#.#.#
.# #..#...#.#.#....#.....#.#
.###.†#^###.#.#.##.#..####.#
...#......#.#.#..........#.#
.#.#....###.#.#.@#.####.##.#
................@........#.#
#######.##.####..#.###...#.#
.................#.# #.#.#.#
#######.##.......#.# #.#.#.#
#.##.......#.# #.#.#.#
#.##.......#.###.#.#.#
#.##.......#.....#.#.###
#.##.###'###########...#
#.##.# #.............#.#


You could see Terence.

Vanquished Creatures
  A dart slug (D:1)
  5 giant cockroaches (D:1)
  4 goblins (D:1)
  3 hobgoblins (D:1)
  2 kobolds (D:1)
  2 quokkas (D:1)
  5 ball pythons (D:1)
  4 bats (D:1)
  3 frilled lizards (D:1)
  3 rats (D:1)
32 creatures vanquished.

Notes
Turn   | Place    | Note
-------+----------+-------------------------------------------
     0 | D:1      | pkoi the Draconian Ice Elementalist began the quest for the
                  | Orb.
     0 | D:1      | Reached XP level 1. HP: 14/14 MP: 3/3
   122 | D:1      | Reached XP level 2. HP: 19/20 MP: 3/5
   892 | D:1      | Found a faded altar of an unknown god.
   975 | D:1      | Reached skill level 5 in Ice Magic
   990 | D:1      | Reached XP level 3. HP: 26/26 MP: 4/6
   994 | D:1      | Learned a level 3 spell: Frozen Ramparts
  1441 | D:2      | Noticed Terence
  1454 | D:1      | Slain by Terence

Illustrated notes

Levels and vault maps discovered:
D:1:      dpeg_arrival_long_road, layout_basic, ebering_ecumenical_altar_box,
          corexii_leaking_fountain, chequers_avenue, minmay_worlds_worst_comb
D:2:      layout_basic, basic_altar, minmay_surrounded, uniq_terence

Skill      XL: |  1  2 |
---------------+-------+-----
Ice Magic      | 5 |  5.0
Dodging        | |  1.7
Stealth        | |  1.7
Spellcasting   | |  2.1

Action                   || total
-------------------------++-------
Melee: Unarmed           ||    15
       Tailslap          ||     2
 Cast: Freeze            ||    46
Armor: Skin              ||    23
Dodge: Dodged            ||    39
